AoeStats
← 知耻而后勇喜笑颜开

Arabia

509780441Analyzed
1v1 RM · 4d ago on Sep 28, 2026· 34m 8s· 2 players
Game mode
Random Map
Map size
Tiny (2 player)
Population
200
Speed
Normal
Resources
Standard
Victory
Conquest
Starting age
Dark Age
Ending age
Imperial Age
RankedLock teamsTeams togetherTeam positionsShared explorationLock speedFull tech treeHidden civsTurbo modeCheats
Victory
Defeat
1428
+15
🇨🇱 Bulgarians · Chile
1398
-15
No se jugar
6:43 Loom
9:19 Feudal Age
9:52 Double-Bit Axe
16:15 Forging
16:55 Scale Barding Armor
18:27 Bloodlines
22:31 Castle Age
22:45 Horse Collar
22:32 Light Cavalry
23:52 Chain Barding Armor
23:27 Town Watch
25:01 Bow Saw
26:01 Iron Casting
28:44 Gold Mining
29:06 Heavy Plow
30:25 Gold Shaft Mining
33:12 Wheelbarrow
知耻而后勇喜笑颜开
4:42 Loom
10:41 Feudal Age
14:46 Castle Age
16:59 Fletching
19:02 Double-Bit Axe
22:30 Fervor
23:23 Sanctity
24:25 Horse Collar
24:32 Town Watch
26:15 Heavy Plow
26:39 Bow Saw
28:38 Scale Barding Armor
29:22 Redemption
29:25 Devotion
30:48 Bodkin Arrow
32:31 Ballistics
33:14 Wheelbarrow
33:12 Bloodlines
Connection lost

Rejoining the realm…

Still unreachable

The connection could not be restored.

Session expired

The server has moved on; the page needs a fresh start.